 Dungeon Crawl Stone Soup version 0.28.0-53-g5a82cb258f (webtiles) character file.

Game seed: 2484496270299346467

380 Zeld the Skirmisher (level 6, -1/85 HPs)
             Began as a Minotaur Berserker on June 9, 2022.
             Was a Believer of Trog.
             Slain by a sky beast (6 damage)
             ... on level 4 of the Dungeon.
             The game lasted 00:01:56 (3368 turns).

Zeld the Skirmisher (Minotaur Berserker)            Turns: 3368, Time: 00:01:57

Health: -1/85      AC:  9    Str: 24    XL:     6   Next: 46%
Magic:  14/14      EV: 12    Int:  4    God:    Trog [**....]
Gold:   124        SH:  0    Dex:  9    Spells: 5/5 levels left

rFire   . . .      SeeInvis .   n - +7 trident of Sunlight {protect, rN++ MP+9}
rCold   . . .      Faith    .   (no shield)
rNeg    + + .      Spirit   .   b - +0 animal skin
rPois   .          Reflect  .   (helmet restricted)
rElec   .          Harm     .   (no cloak)
rCorr   +          Rampage  .   (no gloves)
Will    .....                   (no boots)
Stlth   ..........              (no amulet)
HPRegen 0.24/turn               m - ring of resist corrosion
MPRegen 0.14/turn               (no ring)

@: berserking (expiring), under a protective aura, very quick
A: horns 2, retaliatory headbutt
a: Renounce Religion, Berserk, Trog's Hand


You were on level 4 of the Dungeon.
You worshipped Trog.
Trog was pleased with you.
You visited 1 branch of the dungeon, and saw 5 of its levels.

You collected 124 gold pieces.

Inventory:

Hand Weapons
 a - a +0 hand axe
 n - the +7 trident of Sunlight (weapon) {protect, rN++ MP+9}
   (You found it on level 4 of the Dungeon)

   It grants its wielder temporary protection when it strikes (+7 to AC).
   rN:        It greatly protects you from negative energy.
   MP:        It affects your magic capacity (+9).
Armour
 b - a +0 animal skin (worn)
Jewellery
 m - a ring of resist corrosion (left hand)
 s - a ring of protection from fire
Wands
 g - a wand of flame (20)
Scrolls
 c - 3 scrolls of identify {unknown}
 d - a scroll of enchant weapon {unknown}
 e - 3 scrolls of teleportation {unknown}
 h - a scroll of magic mapping {unknown}
 j - a scroll of immolation {unknown}
 p - a scroll of torment {unknown}
Potions
 f - 2 potions of might {unknown}
 i - 3 potions of attraction {unknown}
 k - 2 potions of curing {unknown}
 l - a potion of flight {unknown}
 o - a potion of heal wounds {unknown}
 q - a potion of mutation {unknown}
 r - a potion of cancellation {unknown}


   Skills:
 * Level 5.9 Fighting
 * Level 5.9 Axes
 + Level 3.9 Armour
 + Level 3.6 Dodging


You had 5 spell levels left.
You didn't know any spells.
Your spell library was empty.

Dungeon Overview and Level Annotations

Branches:
Dungeon (5/15)
 Temple: D:4-7

Altars:
Ashenzari
Trog
Wu Jian

Shops:
D:4 [


Innate Abilities, Weirdness & Mutations

You have a pair of horns on your head.
You reflexively headbutt those who attack you in melee.


Message History

Reactivating autopickup.
There is a stone staircase leading down here.
You are too injured to fight recklessly!
You are too injured to fight recklessly!
Something hits you. Something shocks you.
Deactivating autopickup; reactivate with Ctrl-A.
Something hits you but does no damage. Something hits you.
Something shocks you.
* * * LOW HITPOINT WARNING * * *
A sky beast appears from thin air!
Reactivating autopickup.
A red film seems to cover your vision as you go berserk!
You feel yourself moving faster!
You feel mighty! The sky beast closely misses you.
You miss the sky beast. You closely miss the sky beast.
Your headbutt misses the sky beast.
The sky beast flickers out of sight!
Deactivating autopickup; reactivate with Ctrl-A.
Something hits you.
* * * LOW HITPOINT WARNING * * *
Something shocks you.
* * * LOW HITPOINT WARNING * * *
You closely miss something. Something hits you.
* * * LOW HITPOINT WARNING * * *
Something shocks you.
* * * LOW HITPOINT WARNING * * *
Unknown command.
Unknown command.
You puncture something!
Your weapon exudes an aura of protection.
Your headbutt misses something.
Unknown command.
You miss something. Something hits you but does no damage.
Unknown command.
You barely miss something. Something hits you but does no damage.
Unknown command.
You miss something. Something hits you.
* * * LOW HITPOINT WARNING * * *
Something shocks you.
You die...

#.......##...# #......#
#.......##.<.####...####
#.......##.........##...
#.......###.......###...
####.#.## #.......# #...
##.#.####≈..#.### ####
#....#......#.###
#....#{####.....######
#...(@.# #...........
#>...### #......#####
#....# ##..#.#....#.
###....# #...#.#......
#=..##.# ###...#........
####.####.###...........#..
#....####.#............##..
#....##..............####..
#..).##...####.......###...


There were no monsters in sight!

Vanquished Creatures
  A scorpion (D:4)
  A bullfrog skeleton (D:4)
  3 hounds (D:4)
  A jelly (D:4)
  An orc priest (D:3)
  An iguana (D:5)
  2 hound skeletons (D:4)
  4 adders
  A worm (D:2)
  A dart slug (D:3)
  6 orcs (D:3)
  5 endoplasms
  2 giant cockroaches
  8 goblins
  3 hobgoblins
  4 jackals (D:1)
  A quokka (D:3)
  2 ball pythons (D:1)
  5 bats
  A frilled lizard (D:2)
  4 rats
57 creatures vanquished.

Notes
Turn   | Place    | Note
-------+----------+-------------------------------------------
     0 | D:1      | Zeld the Minotaur Berserker began the quest for the Orb.
     0 | D:1      | Reached XP level 1. HP: 19/19 MP: 0/0
   223 | D:1      | Reached XP level 2. HP: 27/27 MP: 1/1
   231 | D:1      | You fall into a shaft and drop 1 floor!
  1035 | D:2      | Reached XP level 3. HP: 31/33 MP: 2/2
  1283 | D:1      | Found a faded altar of an unknown god.
  1525 | D:2      | Reached ** piety under Trog
  2069 | D:3      | Reached XP level 4. HP: 40/41 MP: 3/3
  2188 | D:3      | Found a bloodstained altar of Trog.
  2240 | D:3      | Found a broken altar of Ashenzari.
  2573 | D:4      | Identified the +7 trident of Sunlight {protect, rN++ MP+9}
  2696 | D:4      | Reached skill level 5 in Axes
  2717 | D:4      | Reached skill level 5 in Fighting
  2717 | D:4      | Reached XP level 5. HP: 46/48 MP: 4/4
  2952 | D:4      | Found Jiopriq's Armour Shoppe.
  2972 | D:4      | Reached XP level 6. HP: 56/56 MP: 5/5
  3027 | D:4      | Found an ornate altar of the Wu Jian Council.
  3313 | D:5      | Entered Level 5 of the Dungeon
  3330 | D:5      | Noticed a sky beast
  3368 | D:4      | Slain by a sky beast

Illustrated notes

Levels and vault maps discovered:
D:1:      roderic_dead_forest, layout_basic,
          shapermc_ecumenical_altar_totnotflames, minmay_ruptured
D:2:      layout_basic
D:3:      layout_basic, trog_three_pillars_becter, marbit_many_paths,
          kennysheep_generic_room_4
D:4:      layout_rooms, nzn_wu_jian_council_hall, serial_shops,
          nicolae_shop_competitors_out_of_business
D:5:      layout_gridville, mainiacjoe_overflow_alcove_4, minmay_circle_x,
          uniq_duvessa

Skill      XL: |  1  2  3  4 |
---------------+-------------+-----
Axes           | 4 5 |  5.9
Fighting       | 4 5 |  5.9
Armour         | 3 |  3.9
Dodging        | 3 |  3.6

Action                   |  1- 3 |  4- 6 || total
-------------------------+-------+-------++-------
Melee: Hand axe          |    68 |    18 ||    86
       Punch             |     2 |     1 ||     3
       Headbutt          |     1 |    13 ||    14
       Trident           |       |    46 ||    46
Invok: Berserk           |     2 |     1 ||     3
 Stab: Sleeping          |     1 |     1 ||     2
Armor: Animal skin       |    17 |    14 ||    31
Dodge: Dodged            |    55 |    33 ||    88
